AoeStats
← e_nzo

Arabia

508785098Analyzed
1v1 RM · 8d ago on Sep 24, 2026· 84m 51s· 2 players
Game mode
Random Map
Map size
Tiny (2 player)
Population
200
Speed
Normal
Resources
Standard
Victory
Conquest
Starting age
Dark Age
Ending age
Imperial Age
RankedLock teamsTeams togetherTeam positionsShared explorationLock speedFull tech treeHidden civsTurbo modeCheats
Victory
Defeat
🇦🇺 Vikings · Australia
442
+17
🇨🇴 Teutons · Colombia
458
-17
oggie_20
0:28 Loom
12:11 Feudal Age
13:10 Town Watch
14:28 Double-Bit Axe
14:25 Horse Collar
15:56 Man-at-Arms
17:05 Gold Mining
17:07 Stone Mining
18:21 Arson
24:28 Castle Age
23:00 Forging
22:50 Scale Mail Armor
22:55 Scale Barding Armor
26:02 Fletching
26:13 Padded Archer Armor
26:15 Town Patrol
25:46 Long Swordsman
29:13 Chieftains
31:13 Bow Saw
31:06 Heavy Plow
32:20 Gold Shaft Mining
32:13 Pikeman
32:54 Squires
34:19 Crossbowman
34:21 Elite Skirmisher
37:41 Iron Casting
37:22 Chain Mail Armor
37:27 Chain Barding Armor
37:37 Leather Archer Armor
38:24 Chain Barding Armor
38:00 Bodkin Arrow
40:36 Murder Holes
40:51 Fortified Wall
40:53 Devotion
45:40 Imperial Age
45:43 Elite Berserk
53:03 Chemistry
62:04 Two-Handed Swordsman
62:05 Elite Varangian Guard
64:46 Bogsveigar
66:18 Arbalester
66:20 Champion
71:53 Light Cavalry
71:54 Cavalier
75:43 Capped Ram
77:53 Blast Furnace
77:23 Plate Mail Armor
76:54 Bracer
77:24 Ring Archer Armor
77:56 Two-Man Saw
77:32 Crop Rotation
77:06 Siege Ram
79:26 Faith
79:22 Masonry
79:03 Heated Shot
79:34 Ballistics
79:19 Siege Engineers
79:05 Guard Tower
79:01 Arrowslits
e_nzo
8:12 Loom
10:59 Feudal Age
11:31 Double-Bit Axe
16:25 Wheelbarrow
16:40 Horse Collar
19:31 Town Watch
23:45 Castle Age
22:53 Fletching
34:08 Imperial Age
32:40 Padded Archer Armor
34:28 Hand Cart
38:07 Crenellations
39:54 Chemistry
39:14 Ballistics
41:07 Hoardings
41:20 Town Patrol
43:26 Bow Saw
49:36 Scale Mail Armor
59:28 Conscription
66:02 Bloodlines
65:51 Bodkin Arrow
66:08 Forging
66:13 Chain Mail Armor
70:07 Two-Man Saw
70:15 Ballistics
73:15 Iron Casting
72:56 Chain Mail Armor
72:47 Scale Barding Armor
83:31 Ironclad
83:49 Heavy Plow
Connection lost

Rejoining the realm…

Still unreachable

The connection could not be restored.

Session expired

The server has moved on; the page needs a fresh start.